 Dungeon Crawl Stone Soup version 0.24.0-125-gc4c63601f3 (webtiles) character file.

Game seed: 6254244910718088182, levelgen mode: deterministic

6502 Curus the Bludgeoner (level 10, -5/80 HPs)
             Began as a White Draconian Berserker on Feb 23, 2020.
             Was a High Priest of Trog.
             Slain by a seven-headed hydra (12 damage)
             ... on level 1 of the Lair of Beasts.
             The game lasted 00:42:42 (8231 turns).

Curus the Bludgeoner (White Draconian Berserker)    Turns: 8231, Time: 00:42:42

Health: -5/80      AC: 11    Str: 23    XL:     10   Next: 69%
Magic:  10/10      EV: 12    Int:  8    God:    Trog [*****.]
Gold:   156        SH:  3    Dex:  7    Spells: 9/9 levels left

rFire    . . .     SeeInvis .   j - +7 sceptre of Torment {pain, torment}
rCold    + + .     Gourm    +   k - +1 buckler
rNeg     . . .     Faith    .   (armour unavailable)
rPois    .         Spirit   .   (helmet restricted)
rElec    .         Reflect  .   p - +0 cloak
rCorr    .         Harm     .   B - +2 pair of gloves {Str+3}
MR       .....                  (no boots)
Stlth    +.........             r - amulet of the gourmand
HPRegen  0.23/turn              f - ring of protection from cold
MPRegen  0.12/turn              C - -6 ring of dexterity (curse)

@: no status effects
A: breathe frost, unfitting armour, cold resistance 1, cold-blooded, AC +7
a: Breathe Frost, Berserk, Trog's Hand, Brothers in Arms, Renounce Religion


You were on level 1 of the Lair of Beasts.
You worshipped Trog.
Trog was extremely pleased with you.
You were full.

You visited 2 branches of the dungeon, and saw 10 of its levels.

You collected 590 gold pieces.
You spent 434 gold pieces at shops.

Inventory:

Hand Weapons
 a - a +0 mace
 h - a +1 flail
 j - the +7 sceptre of Torment (weapon) {pain, torment}
   (You found it on level 4 of the Dungeon)

   In the hands of one skilled in necromantic magic, it inflicts extra damage on
   living creatures.
Armour
 c - a +2 pair of gloves
 k - a +1 buckler (worn)
 p - a +0 cloak (worn)
 B - a +2 pair of gloves of strength (worn)
Jewellery
 f - a ring of protection from cold (left hand)
 l - an uncursed ring of protection from fire
 m - an uncursed amulet of inaccuracy
 r - an amulet of the gourmand (around neck)
 C - a cursed -6 ring of dexterity (right hand)
Wands
 n - a wand of acid (10)
 q - a wand of enslavement (8)
 A - a wand of polymorph (15)
Scrolls
 d - 11 scrolls of identify
 x - a scroll of enchant weapon
 y - 5 scrolls of teleportation
 z - a scroll of fear
Potions
 e - 3 potions of resistance
 g - 3 potions of brilliance
 i - 3 potions of lignification
 o - a potion of flight
 s - 3 potions of heal wounds
 t - 4 potions of curing
 u - 2 potions of might
 v - a potion of ambrosia
 w - 3 potions of agility
Comestibles
 b - 21 rations


   Skills:
 + Level 4.6 Fighting
 - Level 15.2 Maces & Flails
 + Level 3.8 Dodging


You had 9 spell levels left.
You didn't know any spells.
Your spell library was empty.

Dungeon Overview and Level Annotations

Branches:
Dungeon (9/15)             Temple (0/1) D:7            Lair (1/6) D:9
    Orc: D:9-12

Altars:
Ashenzari
Cheibriados
Gozag
Ru
Sif Muna
Trog
Uskayaw
Yredelemnul

Shops:
D:5 *   D:6 %   D:8 [?:*!

Annotations:
D:9 3 runed translucent doors, Curus's ghost, novice MiBe


Innate Abilities, Weirdness & Mutations

You can breathe waves of freezing cold.
You can buffet flying creatures when you breathe cold.
Your icy white scales are hard. (AC +7)
You cannot fit into any form of body armour.
Your flesh is cold resistant. (rC+)
You are cold-blooded and may be slowed by cold attacks.


Message History

The seven-headed hydra bites you but does no damage.
The seven-headed hydra barely misses you.
The seven-headed hydra closely misses you.
You hit the seven-headed hydra.
The seven-headed hydra convulses!
The seven-headed hydra is almost dead.
The seven-headed hydra bites you.
You block the seven-headed hydra's attack. x2
The seven-headed hydra bites you!
* * * LOW HITPOINT WARNING * * *
The seven-headed hydra bites you!
* * * LOW HITPOINT WARNING * * *
The seven-headed hydra bites you.
* * * LOW HITPOINT WARNING * * *
The seven-headed hydra bites you.
* * * LOW HITPOINT WARNING * * *
You fail to use your ability.
The seven-headed hydra closely misses you.
You block the seven-headed hydra's attack.
The seven-headed hydra bites you!
You die...

.....# ......#
.#. .......###
....
........P#
#...
.........##..#
......#.....#
......D....#
#@..# ##..#
#.## ##.##
#...# #.###
##..# # #..##
#### #### #)##


You could see a seven-headed hydra.

Vanquished Creatures
  A two-headed ogre (D:9)
  Psyche (D:8)
  Joseph (D:8)
  A spiny frog (Lair:1)
  Grinder (D:5)
  2 hippogriffs
  A hungry ghost (D:8)
  Edmund (D:5)
  A water moccasin (Lair:1)
  2 orc warriors
  A porcupine (Lair:1)
  5 ice beasts
  2 sky beasts
  A hornet zombie (D:9)
  2 phantoms
  5 ogres
  4 centaurs
  Blork the orc (D:4)
  A big kobold (D:8)
  5 bullfrogs
  2 scorpions (D:6)
  4 killer bees (D:7)
  5 wights (D:8)
  A howler monkey (D:8)
  2 crimson imps
  3 hounds
  7 orc priests
  8 orc wizards
  Crazy Yiuf (D:4)
  A bullfrog skeleton (D:9)
  2 iguanas
  Ijyb (D:4)
  5 worker ants
  2 hound skeletons
  A howler monkey zombie (D:8)
  8 adders
  4 gnolls (D:5)
  3 shadow imps (D:6)
  5 oozes
  6 worms
  3 dart slugs
  3 leopard geckos (D:4)
  36 orcs
  3 giant cockroaches
  6 goblins
  7 hobgoblins
  16 jackals
  10 kobolds
  8 quokkas
  A ball python (D:4)
  7 bats
  7 frilled lizards
  A jackal skeleton (D:4)
  A jackal zombie (D:7)
  9 rats
228 creatures vanquished.

Vanquished Creatures (others)
  3 fungi (D:9)
  A plant (D:9)
4 creatures vanquished.

Grand Total: 232 creatures vanquished

Notes
Turn   | Place    | Note
-------+----------+-------------------------------------------
     0 | D:1      | Curus the Draconian Berserker began the quest for the Orb.
     0 | D:1      | Reached XP level 1. HP: 19/19 MP: 1/1
    41 | D:1      | Reached XP level 2. HP: 17/26 MP: 2/2
   250 | D:1      | Reached skill level 4 in Maces & Flails
   303 | D:1      | Reached XP level 3. HP: 31/31 MP: 3/3
   784 | D:2      | Reached ** piety under Trog
   922 | D:2      | Reached XP level 4. HP: 29/38 MP: 4/4
   949 | D:2      | Reached skill level 5 in Maces & Flails
  1489 | D:3      | Found a bloodstained altar of Trog.
  1719 | D:3      | Reached XP level 5. HP: 40/45 MP: 5/5
  1734 | D:3      | Noticed an ice beast
  1743 | D:3      | Killed an ice beast
  1743 | D:3      | Reached skill level 6 in Maces & Flails
  1994 | D:3      | Reached XP level 6. HP: 51/51 MP: 6/6
  2151 | D:4      | Noticed Blork the orc
  2161 | D:4      | Killed Blork the orc
  2161 | D:4      | Reached skill level 7 in Maces & Flails
  2523 | D:4      | Noticed Ijyb
  2548 | D:4      | Killed Ijyb
  2565 | D:4      | Reached *** piety under Trog
  3020 | D:4      | Reached skill level 8 in Maces & Flails
  3020 | D:4      | Your scales start taking on an icy white colour.
  3020 | D:4      | Reached XP level 7. HP: 27/57 MP: 7/7
  3020 | D:4      | Gained mutation: Your flesh is cold resistant. (rC+) [White
                  | Draconian growth]
  3212 | D:4      | Found the +7 sceptre of Torment {pain, torment}
  3218 | D:4      | Found a runed translucent door.
  3219 | D:4      | Noticed Crazy Yiuf
  3228 | D:4      | Killed Crazy Yiuf
  3349 | D:5      | Entered Level 5 of the Dungeon
  3389 | D:5      | Found a basalt altar of Yredelemnul.
  3519 | D:5      | Found Reguen's Assorted Antiques.
  3539 | D:5      | Bought a scroll labeled NAILIRABICK for 29 gold pieces
  3539 | D:5      | Bought a scroll labeled XOUSHR YCEMMOPU for 29 gold pieces
  3572 | D:5      | Noticed Grinder
  3578 | D:5      | Killed Grinder
  3578 | D:5      | Reached skill level 9 in Maces & Flails
  3706 | D:5      | Reached skill level 10 in Maces & Flails
  3706 | D:5      | Reached XP level 8. HP: 63/63 MP: 8/8
  4035 | D:5      | Noticed Edmund
  4043 | D:5      | Killed Edmund
  4074 | D:5      | Noticed a moth of wrath
  4077 | D:5      | Found a bloodstained altar of Trog.
  4320 | D:6      | Found a sacrificial altar of Ru.
  4456 | D:6      | Reached skill level 11 in Maces & Flails
  4477 | D:6      | Found Wosah's Food Shop.
  5603 | D:7      | Noticed a hippogriff
  5612 | D:7      | Killed a hippogriff
  5612 | D:7      | Reached skill level 12 in Maces & Flails
  5612 | D:7      | Reached XP level 9. HP: 62/70 MP: 9/9
  5621 | D:7      | Reached **** piety under Trog
  5629 | D:7      | Found a staircase to the Ecumenical Temple.
  6064 | D:7      | Found a shimmering blue altar of Sif Muna.
  6569 | D:8      | Reached skill level 13 in Maces & Flails
  6579 | D:8      | Found Vefuonec's General Store.
  6588 | D:8      | Bought a potion of resistance for 160 gold pieces
  6588 | D:8      | Bought a scroll of teleportation for 48 gold pieces
  6588 | D:8      | Bought 2 potions of curing for 96 gold pieces
  6673 | D:8      | Found Ikhil's Armour Emporium.
  6731 | D:8      | Found a hide-covered altar of Uskayaw.
  6731 | D:8      | Found an opulent altar of Gozag.
  6736 | D:8      | Noticed Joseph
  6739 | D:8      | Found Ehoputu's Magic Scroll Shop.
  6746 | D:8      | Killed Joseph
  6762 | D:8      | Noticed Psyche
  6768 | D:8      | Killed Psyche
  6768 | D:8      | Reached skill level 14 in Maces & Flails
  6772 | D:8      | Reached ***** piety under Trog
  6772 | D:8      | Reached XP level 10. HP: 72/77 MP: 10/10
  6841 | D:8      | Found Foz Rauj's Distillery.
  6919 | D:8      | Found Fyurhore's Book Emporium.
  6947 | D:8      | Bought a scroll of teleportation for 36 gold pieces
  6947 | D:8      | Bought a scroll of teleportation for 36 gold pieces
  7017 | D:8      | Found a snail-covered altar of Cheibriados.
  7017 | D:8      | Found a shattered altar of Ashenzari.
  7568 | D:9      | Noticed a two-headed ogre
  7573 | D:9      | Killed a two-headed ogre
  7573 | D:9      | Reached skill level 15 in Maces & Flails
  7666 | D:9      | Found a runed translucent gate.
  7666 | D:9      | Found a runed translucent gate.
  7666 | D:9      | Found a runed translucent gate.
  7668 | D:9      | Noticed Curus's ghost (novice MiBe)
  7669 | D:9      | Identified the +5 short sword of Dust {drain, rF+ MR++}
  7886 | D:9      | Found a staircase to the Lair.
  7904 | Lair:1   | Entered Level 1 of the Lair of Beasts
  8166 | Lair:1   | Noticed a spiny frog
  8171 | Lair:1   | Killed a spiny frog
  8222 | Lair:1   | Noticed a seven-headed hydra
  8231 | Lair:1   | Slain by a seven-headed hydra

Levels and vault maps discovered:
D:1:      dpeg_arrival_lava_temple_mockup, layout_rooms
D:2:      layout_basic
D:3:      layout_rooms, overflow_temple_1_default
D:4:      layout_cave_pools, minmay_lizard_king, uniq_blork_the_orc,
          uniq_crazy_yiuf_cottage, uniq_ijyb
D:5:      layout_basic, nicolae_overflow_crystal_walls, first_ration,
          serial_shops, shop, minmay_hedge_maze, tgw_trog, uniq_edmund,
          uniq_grinder
D:6:      layout_loops_cross, overflow_temple_1_default, serial_shops, shop,
          serial_co_window_serial, co_window_corner_a, co_window_paths_a,
          co_window_paths_b, co_window_of_opportunity_a, co_window_paths_a,
          co_window_of_opportunity_a, co_window_corner_b,
          co_window_unsneaky_path_e, co_window_broadway_b, co_window_broadway_c,
          co_window_4corner_b, glass_columns_c, glass_columns_c, glass_columns_a
D:7:      layout_basic, led_sif_pool, minmay_temple_entry_sparse_star
D:8:      layout_cave_pools, minitemple, gammafunk_temple_overflow_wave,
          serial_shops, shop, shop, nicolae_shop_stone, shop, shop, uniq_psyche,
          uniq_joseph
D:9:      layout_irregular_city, lair_entry_dummy, gammafunk_ghost_nasty_kobolds
Lair:1:   layout_cave_pods

Skill      XL: |  1  2  3  4  5  6  7  8  9 10 |
---------------+-------------------------------+-----
Maces & Flails | 4 5 6 8 10 12 14 15 | 15.2
Fighting       | 4 |  4.6
Dodging        | 3 |  3.8

Action                   |  1- 3 |  4- 6 |  7- 9 | 10-12 || total
-------------------------+-------+-------+-------+-------++-------
Melee: Mace              |   106 |    62 |       |       ||   168
       Tailslap          |     9 |    21 |    23 |    17 ||    70
       Flail             |       |   151 |     6 |       ||   157
       Eveningstar       |       |       |   213 |   110 ||   323
Invok: Berserk           |       |     5 |     4 |       ||     9
       Trog's Hand       |       |     1 |     1 |       ||     2
 Abil: Breathe Frost     |       |       |     1 |       ||     1
  Use: Potion            |     3 |     3 |     2 |       ||     8
       Scroll            |     4 |     8 |     5 |     1 ||    18
 Stab: Sleeping          |     1 |     1 |       |     3 ||     5
  Eat: Chunk             |       |    13 |    14 |     7 ||    34
       Ration            |       |       |     1 |     1 ||     2
Armor: Skin              |    34 |    72 |    80 |    30 ||   216
Dodge: Dodged            |    61 |   137 |   125 |    49 ||   372
Block: Buckler           |       |    26 |    47 |    21 ||    94
